[ AOE2 MATCH · #480096915 ]
UnrankedFranks vs Celts
[ REPLAY ANALYSIS · EXTRACTED FROM THE RECORDED GAME ]
Feudal
10:56
Castle
15:25
Imperial
—
| APM avg | 17.2 |
| APM peak | 51 |
| eAPM avg | 11.5 |
| Villagers / military | 60 / 3 |
Focus
⚔️ 15.6% · 🌾 84.4%
Monk ×3
Feudal
9:43
Castle
15:43
Imperial
—
| APM avg | 44.7 |
| APM peak | 83 |
| eAPM avg | 25.2 |
| Villagers / military | 65 / 17 |
Focus
⚔️ 31.5% · 🌾 68.5%
Battering Ram ×14 · Mangonel ×3
Feudal
10:57
Castle
15:01
Imperial
—
| APM avg | 19.0 |
| APM peak | 44 |
| eAPM avg | 11.2 |
| Villagers / military | 64 / 2 |
Focus
⚔️ 7.7% · 🌾 92.3%
Mangonel ×2
Feudal
11:25
Castle
15:05
Imperial
—
| APM avg | 46.9 |
| APM peak | 76 |
| eAPM avg | 32.0 |
| Villagers / military | 51 / 29 |
Focus
⚔️ 28.7% · 🌾 71.3%
War Wagon ×29
Feudal
11:31
Castle
15:50
Imperial
—
| APM avg | 35.0 |
| APM peak | 77 |
| eAPM avg | 16.6 |
| Villagers / military | 47 / 1 |
Focus
⚔️ 11.7% · 🌾 88.3%
Battering Ram ×1
Feudal
10:31
Castle
14:49
Imperial
—
| APM avg | 38.9 |
| APM peak | 84 |
| eAPM avg | 15.5 |
| Villagers / military | 39 / 20 |
Focus
⚔️ 31.0% · 🌾 69.0%
Conquistador ×20
Feudal
10:32
Castle
14:12
Imperial
—
| APM avg | 30.8 |
| APM peak | 70 |
| eAPM avg | 15.5 |
| Villagers / military | 63 / 6 |
Focus
⚔️ 15.8% · 🌾 84.2%
Mangonel ×6
Feudal
11:44
Castle
15:47
Imperial
—
| APM avg | 47.2 |
| APM peak | 68 |
| eAPM avg | 21.0 |
| Villagers / military | 42 / 10 |
Focus
⚔️ 19.8% · 🌾 80.2%
Armored Elephant ×8 · Monk ×2
Match map
Initial resources + every placement click. Lines = walls · curves = elevation contours. ◆ gold · ⬟ stone · ● berries · ✦ relic · ◌ wall gap
Your base· ✓ Closed at 15:25 · 0t walls · 2 gate(s)
SimoniacJewel88's base· ✓ Closed at 15:43 · 0t walls · 2 gate(s)
绾璆丶's base· ✓ Closed at 15:01 · 0t walls · 2 gate(s)
Smitty WerbenJägerManJensen's base· ✓ Closed at 15:05 · 0t walls · 2 gate(s)
西游—理塘丁真's base· ✓ Closed at 15:50 · 8t walls · 2 gate(s)
La Tanga de la Mujer Maravilla's base· ✓ Closed at 14:49 · 0t walls · 3 gate(s)
Amlan73's base· ✓ Closed at 14:12 · 4t walls · 2 gate(s)
PedroAOE's base· ✓ Closed at 15:47 · 0t walls · 2 gate(s)
Smoothed initial terrain · ◌ = detected wall gap · hover for details
Inputs per minute
— べにいろもみじ - - SimoniacJewel88
Build order — べにいろもみじ
127 actions detected in the replay
| 0:01 | Create | Villager (Male) |
| 0:01 | Create | Villager (Male) |
| 0:01 | Create | Villager (Male) |
| 0:01 | Create | Villager (Male) |
| 0:03 | Build | House |
| 0:04 | Build | House |
| 0:08 | Build | House |
| 1:29 | Create | Villager (Male) |
| 1:45 | Build | Lumber Camp |
| 1:58 | Create | Villager (Male) |
| 2:20 | Create | Villager (Male) |
| 2:37 | Create | Villager (Male) |
| 3:00 | Build | House |
| 3:02 | Build | House |
| 3:04 | Create | Villager (Male) |
| 3:32 | Build | House |
| 3:37 | Create | Villager (Male) |
| 4:09 | Create | Villager (Male) |
| 4:09 | Create | Villager (Male) |
| 4:09 | Create | Villager (Male) |
| 4:39 | Create | Villager (Male) |
| 4:43 | Create | Villager (Male) |
| 4:43 | Create | Villager (Male) |
| 5:08 | Build | Mill |
| 5:34 | Create | Villager (Male) |
| 5:35 | Create | Villager (Male) |
| 6:11 | Create | Villager (Male) |
| 6:11 | Create | Villager (Male) |
| 6:17 | Create | Villager (Male) |
| 7:32 | Create | Villager (Male) |
| 7:33 | Create | Villager (Male) |
| 7:59 | Build | Mining Camp |
| 8:06 | Build | Mining Camp |
| 8:40 | Research | Feudal Age |
| 8:50 | Build | Mining Camp |
| 10:24 | Create | Villager (Male) |
| 10:25 | Create | Villager (Male) |
| 10:27 | Create | Villager (Male) |
| 10:56 | Age | Feudal Age |
| 11:12 | Build | Blacksmith |
| 11:15 | Build | Market |
| 12:07 | Create | Villager (Male) |
| 12:44 | Research | Castle Age |
| 12:45 | Research | Castle Age |
| 13:07 | Build | Farm |
| 13:15 | Build | Farm |
| 13:28 | Build | Farm |
| 13:32 | Build | Farm |
| 13:35 | Build | Farm |
| 13:38 | Build | Farm |
| 14:16 | Build | House |
| 14:17 | Build | House |
| 14:45 | Create | Villager (Male) |
| 14:45 | Create | Villager (Male) |
| 15:25 | Age | Castle Age |
| 15:27 | Build | Town Center |
| 15:33 | Build | Monastery |
| 15:44 | Create | Villager (Male) |
| 15:45 | Research | Double-Bit Axe |
| 16:10 | Create | Villager (Male) |
| 16:13 | Research | Bow Saw |
| 16:17 | Build | Farm |
| 16:32 | Create | Villager (Male) |
| 16:42 | Build | University |
| 16:43 | Create | Monk |
| 16:44 | Create | Monk |
| 17:10 | Create | Villager (Male) |
| 17:10 | Create | Villager (Male) |
| 17:50 | Build | House |
| 17:51 | Create | Villager (Male) |
| 17:55 | Build | Farm |
| 17:57 | Build | Farm |
| 18:01 | Build | Farm |
| 18:03 | Build | Farm |
| 18:07 | Build | Farm |
| 18:10 | Build | Town Center |
| 18:15 | Create | Villager (Male) |
| 18:15 | Create | Villager (Male) |
| 18:27 | Build | House |
| 18:36 | Create | Villager (Male) |
| 18:36 | Create | Villager (Male) |
| 18:45 | Build | Farm |
| 18:50 | Build | Farm |
| 18:53 | Build | Farm |
| 19:00 | Build | Farm |
| 19:01 | Create | Villager (Male) |
| 19:02 | Create | Villager (Male) |
| 19:10 | Build | House |
| 19:11 | Build | House |
| 19:15 | Create | Villager (Male) |
| 19:23 | Build | Mill |
| 19:23 | Build | Farm |
| 19:24 | Build | Farm |
| 19:24 | Build | Farm |
| 19:24 | Build | Farm |
| 19:25 | Build | Farm |
| 19:26 | Build | Farm |
| 19:29 | Create | Monk |
| 19:33 | Research | Fervor |
| 19:35 | Create | Villager (Male) |
| 19:49 | Create | Villager (Male) |
| 19:49 | Create | Villager (Male) |
| 19:53 | Build | Farm |
| 20:02 | Create | Villager (Male) |
| 20:10 | Create | Villager (Male) |
| 20:10 | Create | Villager (Male) |
| 20:17 | Build | Farm |
| 20:35 | Create | Villager (Male) |
| 20:35 | Create | Villager (Male) |
| 20:44 | Create | Villager (Male) |
| 20:45 | Create | Villager (Male) |
| 20:46 | Create | Villager (Male) |
| 20:49 | Build | House |
| 20:50 | Build | House |
| 21:09 | Build | Barracks |
| 21:10 | Create | Villager (Male) |
| 21:11 | Create | Villager (Male) |
| 21:30 | Create | Villager (Male) |
| 21:32 | Create | Villager (Male) |
| 21:32 | Create | Villager (Male) |
| 21:34 | Build | Farm |
| 21:49 | Research | Wheelbarrow |
| 22:02 | Build | Farm |
| 22:03 | Build | Farm |
| 22:03 | Build | Farm |
| 22:10 | Create | Villager (Male) |
| 22:10 | Create | Villager (Male) |
Build order — SimoniacJewel88
129 actions detected in the replay
| 0:02 | Create | Villager (Male) |
| 0:02 | Create | Villager (Male) |
| 0:03 | Create | Villager (Male) |
| 0:03 | Build | House |
| 0:18 | Build | House |
| 0:20 | Build | House |
| 0:20 | Build | House |
| 0:23 | Create | Villager (Male) |
| 0:24 | Create | Villager (Male) |
| 1:28 | Create | Villager (Male) |
| 1:28 | Create | Villager (Male) |
| 1:54 | Build | Lumber Camp |
| 2:07 | Create | Villager (Male) |
| 2:08 | Create | Villager (Male) |
| 2:24 | Create | Villager (Male) |
| 2:25 | Create | Villager (Male) |
| 2:47 | Create | Villager (Male) |
| 2:47 | Create | Villager (Male) |
| 2:47 | Create | Villager (Male) |
| 2:58 | Create | Villager (Male) |
| 2:58 | Create | Villager (Male) |
| 3:35 | Create | Villager (Male) |
| 3:36 | Create | Villager (Male) |
| 3:54 | Create | Villager (Male) |
| 4:11 | Create | Villager (Male) |
| 4:11 | Create | Villager (Male) |
| 4:31 | Create | Villager (Male) |
| 4:31 | Create | Villager (Male) |
| 5:03 | Create | Villager (Male) |
| 5:09 | Create | Villager (Male) |
| 5:09 | Create | Villager (Male) |
| 5:17 | Create | Villager (Male) |
| 5:18 | Create | Villager (Male) |
| 5:18 | Create | Villager (Male) |
| 5:26 | Build | Mill |
| 5:55 | Create | Villager (Male) |
| 6:48 | Build | Mill |
| 7:27 | Research | Feudal Age |
| 7:27 | Research | Feudal Age |
| 8:41 | Build | House |
| 8:53 | Create | Villager (Male) |
| 8:56 | Create | Villager (Male) |
| 9:06 | Create | Villager (Male) |
| 9:43 | Age | Feudal Age |
| 10:30 | Create | Villager (Male) |
| 10:34 | Build | Market |
| 10:37 | Build | Blacksmith |
| 10:42 | Build | Farm |
| 10:50 | Create | Villager (Male) |
| 10:53 | Build | Farm |
| 10:57 | Build | Farm |
| 11:01 | Create | Villager (Male) |
| 11:18 | Build | Farm |
| 11:20 | Create | Villager (Male) |
| 11:35 | Create | Villager (Male) |
| 11:48 | Build | Mining Camp |
| 12:47 | Research | Castle Age |
| 12:47 | Research | Castle Age |
| 12:53 | Build | Lumber Camp |
| 14:14 | Create | Villager (Male) |
| 14:30 | Build | Farm |
| 14:33 | Build | Farm |
| 14:34 | Research | Horse Collar |
| 14:35 | Research | Double-Bit Axe |
| 15:13 | Create | Villager (Male) |
| 15:43 | Age | Castle Age |
| 15:49 | Research | Wheelbarrow |
| 15:53 | Build | Siege Workshop |
| 15:58 | Build | House |
| 16:01 | Create | Villager (Male) |
| 16:07 | Research | Gold Mining |
| 16:11 | Research | Bow Saw |
| 16:23 | Build | Siege Workshop |
| 16:32 | Create | Villager (Male) |
| 16:36 | Build | Farm |
| 16:41 | Create | Battering Ram |
| 16:42 | Create | Battering Ram |
| 16:58 | Create | Villager (Male) |
| 17:10 | Build | House |
| 17:12 | Create | Battering Ram |
| 17:20 | Create | Battering Ram |
| 17:20 | Create | Battering Ram |
| 17:53 | Build | House |
| 17:56 | Build | Lumber Camp |
| 17:59 | Create | Villager (Male) |
| 18:00 | Create | Villager (Male) |
| 18:10 | Build | Farm |
| 18:12 | Create | Battering Ram |
| 18:12 | Create | Battering Ram |
| 18:27 | Create | Villager (Male) |
| 18:32 | Create | Battering Ram |
| 18:32 | Create | Battering Ram |
| 18:36 | Build | House |
| 18:48 | Create | Villager (Male) |
| 18:50 | Build | House |
| 18:54 | Create | Villager (Male) |
| 18:57 | Create | Battering Ram |
| 18:58 | Create | Battering Ram |
| 19:13 | Create | Villager (Male) |
| 19:29 | Create | Villager (Male) |
| 19:34 | Create | Mangonel |
| 19:34 | Create | Mangonel |
| 20:01 | Create | Villager (Male) |
| 20:26 | Create | Villager (Male) |
| 20:37 | Create | Villager (Male) |
| 20:39 | Create | Mangonel |
| 20:40 | Create | Battering Ram |
| 20:48 | Create | Villager (Male) |
| 20:57 | Create | Battering Ram |
| 20:57 | Create | Battering Ram |
| 20:59 | Create | Villager (Male) |
| 21:05 | Build | Town Center |
| 21:08 | Build | Town Center |
| 21:16 | Create | Villager (Male) |
| 21:32 | Create | Villager (Male) |
| 21:42 | Create | Villager (Male) |
| 21:49 | Create | Villager (Male) |
| 22:12 | Create | Villager (Male) |
| 22:12 | Create | Villager (Male) |
| 22:12 | Create | Villager (Male) |
| 22:14 | Build | Farm |
| 22:16 | Build | Farm |
| 22:17 | Build | Farm |
| 22:24 | Build | Farm |
| 22:26 | Build | Farm |
| 22:27 | Build | Farm |
| 22:40 | Create | Villager (Male) |
| 22:42 | Create | Villager (Male) |
| 22:44 | Create | Villager (Male) |
Build order — 绾璆丶
131 actions detected in the replay
| 0:01 | Create | Villager (Male) |
| 0:01 | Create | Villager (Male) |
| 0:02 | Build | House |
| 0:04 | Build | House |
| 0:29 | Create | Villager (Male) |
| 0:29 | Create | Villager (Male) |
| 1:41 | Create | Villager (Male) |
| 1:45 | Create | Villager (Male) |
| 1:48 | Build | Lumber Camp |
| 2:06 | Create | Villager (Male) |
| 2:40 | Create | Villager (Male) |
| 2:56 | Create | Villager (Male) |
| 3:31 | Create | Villager (Male) |
| 3:37 | Build | Mill |
| 3:45 | Create | Villager (Male) |
| 3:50 | Build | House |
| 4:29 | Create | Villager (Male) |
| 4:37 | Create | Villager (Male) |
| 4:58 | Create | Villager (Male) |
| 5:04 | Create | Villager (Male) |
| 5:31 | Build | House |
| 5:35 | Create | Villager (Male) |
| 5:59 | Create | Villager (Male) |
| 6:38 | Create | Villager (Male) |
| 6:53 | Build | Farm |
| 6:54 | Build | Farm |
| 6:56 | Build | Farm |
| 7:27 | Create | Villager (Male) |
| 7:51 | Create | Villager (Male) |
| 7:57 | Create | Villager (Male) |
| 8:18 | Create | Villager (Male) |
| 8:30 | Research | Loom |
| 8:34 | Research | Feudal Age |
| 9:07 | Build | Mill |
| 9:15 | Create | Villager (Male) |
| 9:16 | Create | Villager (Male) |
| 9:26 | Build | House |
| 9:31 | Build | House |
| 9:32 | Build | House |
| 9:35 | Create | Villager (Male) |
| 10:50 | Create | Villager (Male) |
| 10:57 | Age | Feudal Age |
| 10:59 | Build | Market |
| 11:02 | Build | Blacksmith |
| 11:21 | Build | Mining Camp |
| 11:46 | Create | Villager (Male) |
| 11:52 | Build | Farm |
| 11:53 | Build | Farm |
| 11:54 | Build | Farm |
| 12:21 | Research | Castle Age |
| 13:02 | Research | Double-Bit Axe |
| 13:27 | Research | Horse Collar |
| 13:32 | Build | Farm |
| 13:42 | Build | Farm |
| 13:45 | Create | Villager (Male) |
| 13:57 | Build | Farm |
| 13:59 | Build | Farm |
| 14:11 | Build | Farm |
| 14:19 | Create | Villager (Male) |
| 14:23 | Create | Villager (Male) |
| 15:01 | Age | Castle Age |
| 15:06 | Build | Town Center |
| 15:16 | Build | Town Center |
| 15:19 | Create | Villager (Male) |
| 15:28 | Build | House |
| 15:31 | Build | House |
| 15:31 | Build | House |
| 15:33 | Build | House |
| 16:39 | Create | Villager (Male) |
| 16:40 | Create | Villager (Male) |
| 16:41 | Create | Villager (Male) |
| 16:44 | Create | Villager (Male) |
| 16:45 | Create | Villager (Male) |
| 16:53 | Build | Farm |
| 16:54 | Build | Farm |
| 16:56 | Build | Farm |
| 16:57 | Build | Farm |
| 17:02 | Create | Villager (Male) |
| 17:05 | Create | Villager (Male) |
| 17:06 | Create | Villager (Male) |
| 17:14 | Create | Villager (Male) |
| 17:17 | Create | Villager (Male) |
| 17:24 | Create | Villager (Male) |
| 17:28 | Build | Farm |
| 17:38 | Create | Villager (Male) |
| 17:38 | Create | Villager (Male) |
| 17:39 | Create | Villager (Male) |
| 17:40 | Create | Villager (Male) |
| 17:44 | Build | Farm |
| 17:47 | Build | House |
| 18:09 | Research | Stone Mining |
| 18:11 | Create | Villager (Male) |
| 18:28 | Build | House |
| 18:34 | Build | Farm |
| 18:37 | Build | Farm |
| 18:42 | Create | Villager (Male) |
| 18:42 | Create | Villager (Male) |
| 18:56 | Create | Villager (Male) |
| 18:59 | Build | House |
| 19:02 | Research | Bow Saw |
| 19:10 | Create | Villager (Male) |
| 19:15 | Create | Villager (Male) |
| 19:19 | Build | Farm |
| 19:25 | Build | Farm |
| 19:32 | Build | House |
| 19:38 | Build | House |
| 19:39 | Build | House |
| 20:02 | Create | Villager (Male) |
| 20:03 | Create | Villager (Male) |
| 20:03 | Create | Villager (Male) |
| 20:17 | Research | Gold Mining |
| 20:29 | Build | Siege Workshop |
| 20:32 | Create | Villager (Male) |
| 20:34 | Create | Villager (Male) |
| 20:40 | Build | Farm |
| 20:42 | Build | Farm |
| 20:46 | Create | Villager (Male) |
| 21:02 | Build | House |
| 21:09 | Create | Villager (Male) |
| 21:15 | Build | Siege Workshop |
| 21:23 | Create | Villager (Male) |
| 21:23 | Create | Villager (Male) |
| 21:25 | Create | Villager (Male) |
| 21:38 | Create | Mangonel |
| 21:42 | Create | Villager (Male) |
| 21:48 | Build | Farm |
| 21:49 | Build | Farm |
| 21:52 | Create | Villager (Male) |
| 22:07 | Build | Castle |
| 22:11 | Research | Fletching |
| 22:16 | Create | Mangonel |
Build order — Smitty WerbenJägerManJensen
117 actions detected in the replay
| 0:01 | Create | Villager (Male) ×4 |
| 0:02 | Build | House |
| 0:04 | Build | House |
| 1:26 | Create | Villager (Male) |
| 1:27 | Create | Villager (Male) |
| 1:40 | Create | Villager (Male) |
| 1:41 | Create | Villager (Male) |
| 1:48 | Build | Lumber Camp |
| 2:05 | Create | Villager (Male) |
| 2:35 | Create | Villager (Male) |
| 3:07 | Create | Villager (Male) |
| 3:08 | Create | Villager (Male) |
| 3:27 | Build | House |
| 3:29 | Build | House |
| 3:32 | Create | Villager (Male) |
| 3:32 | Create | Villager (Male) |
| 4:02 | Build | Mill |
| 4:12 | Research | Loom |
| 4:12 | Create | Villager (Male) |
| 4:30 | Build | House |
| 4:39 | Create | Villager (Male) |
| 4:40 | Create | Villager (Male) |
| 5:03 | Create | Villager (Male) |
| 5:03 | Create | Villager (Male) |
| 5:27 | Create | Villager (Male) |
| 5:28 | Create | Villager (Male) |
| 5:39 | Create | Villager (Male) |
| 5:39 | Create | Villager (Male) |
| 6:00 | Build | Mill |
| 6:03 | Create | Villager (Male) |
| 6:23 | Create | Villager (Male) |
| 6:24 | Create | Villager (Male) |
| 6:24 | Create | Villager (Male) |
| 6:59 | Create | Villager (Male) |
| 7:33 | Create | Villager (Male) |
| 7:40 | Create | Villager (Male) |
| 7:51 | Create | Villager (Male) |
| 8:08 | Build | Farm |
| 8:15 | Build | Farm |
| 8:16 | Create | Villager (Male) |
| 8:16 | Create | Villager (Male) |
| 8:16 | Create | Villager (Male) |
| 8:23 | Create | Villager (Male) |
| 8:58 | Build | Mining Camp |
| 9:08 | Create | Villager (Male) |
| 9:11 | Research | Feudal Age |
| 10:07 | Create | Villager (Male) |
| 10:07 | Create | Villager (Male) |
| 10:51 | Build | Mining Camp |
| 11:25 | Age | Feudal Age |
| 11:36 | Build | Market |
| 11:39 | Build | Blacksmith |
| 12:25 | Research | Castle Age |
| 12:25 | Research | Castle Age |
| 12:36 | Research | Double-Bit Axe |
| 12:36 | Research | Double-Bit Axe |
| 12:53 | Build | House |
| 12:55 | Build | House |
| 13:31 | Research | Fletching |
| 13:48 | Build | Farm |
| 13:55 | Build | Farm |
| 13:57 | Build | Farm |
| 14:10 | Create | Villager (Male) |
| 14:10 | Create | Villager (Male) |
| 14:55 | Build | Lumber Camp |
| 14:58 | Create | Villager (Male) |
| 15:05 | Age | Castle Age |
| 15:20 | Build | Castle |
| 15:31 | Research | Bodkin Arrow |
| 15:32 | Research | Bodkin Arrow |
| 15:32 | Research | Bodkin Arrow |
| 15:34 | Build | Farm |
| 15:55 | Create | Villager (Male) |
| 15:58 | Build | Farm |
| 16:09 | Create | Villager (Male) |
| 16:25 | Build | Farm |
| 16:39 | Build | Farm |
| 16:49 | Create | Villager (Male) |
| 16:54 | Build | Farm |
| 16:55 | Build | Farm |
| 17:08 | Create | Villager (Male) |
| 17:11 | Build | Farm |
| 17:15 | Create | War Wagon |
| 17:16 | Create | War Wagon |
| 17:16 | Create | War Wagon |
| 17:29 | Build | Farm |
| 17:42 | Create | Villager (Male) |
| 17:46 | Create | War Wagon |
| 17:46 | Create | War Wagon |
| 18:20 | Build | Farm |
| 18:31 | Create | War Wagon |
| 18:31 | Create | War Wagon |
| 18:31 | Create | War Wagon |
| 19:04 | Create | War Wagon |
| 19:04 | Create | War Wagon |
| 19:24 | Create | War Wagon |
| 19:25 | Create | War Wagon |
| 19:38 | Create | Villager (Male) |
| 19:41 | Create | War Wagon |
| 19:42 | Create | War Wagon |
| 20:01 | Create | War Wagon |
| 20:02 | Create | War Wagon |
| 20:10 | Create | Villager (Male) |
| 20:11 | Create | Villager (Male) |
| 20:11 | Create | Villager (Male) |
| 20:11 | Create | Villager (Male) |
| 20:47 | Create | War Wagon ×2 |
| 20:47 | Create | War Wagon ×2 |
| 21:01 | Create | War Wagon |
| 21:01 | Create | War Wagon |
| 21:01 | Create | War Wagon |
| 21:47 | Create | War Wagon |
| 21:47 | Create | War Wagon |
| 21:47 | Create | War Wagon |
| 22:20 | Create | War Wagon |
| 22:20 | Create | War Wagon |
| 22:20 | Create | War Wagon |
Build order — 西游—理塘丁真
89 actions detected in the replay
| 0:05 | Build | House |
| 0:07 | Build | House |
| 0:09 | Build | House |
| 0:10 | Create | Villager (Male) |
| 0:10 | Create | Villager (Male) |
| 0:11 | Create | Villager (Male) |
| 0:11 | Create | Villager (Male) |
| 1:39 | Create | Villager (Male) |
| 2:09 | Create | Villager (Male) |
| 2:09 | Create | Villager (Male) |
| 2:32 | Create | Villager (Male) |
| 2:32 | Create | Villager (Male) |
| 2:56 | Create | Villager (Male) |
| 3:23 | Create | Villager (Male) |
| 3:24 | Create | Villager (Male) |
| 3:24 | Create | Villager (Male) |
| 4:11 | Create | Villager (Male) |
| 4:11 | Create | Villager (Male) |
| 4:32 | Create | Villager (Male) |
| 4:32 | Create | Villager (Male) |
| 5:01 | Build | Mill |
| 5:08 | Build | Lumber Camp |
| 5:28 | Create | Villager (Male) |
| 5:52 | Create | Villager (Male) |
| 6:13 | Create | Villager (Male) |
| 6:29 | Create | Villager (Male) |
| 6:57 | Build | Mill |
| 7:05 | Create | Villager (Male) |
| 7:33 | Create | Villager (Male) |
| 7:43 | Create | Villager (Male) |
| 8:08 | Build | Mining Camp |
| 8:24 | Create | Villager (Male) |
| 8:26 | Create | Villager (Male) |
| 8:50 | Research | Feudal Age |
| 10:58 | Create | Villager (Male) |
| 11:00 | Create | Villager (Male) |
| 11:31 | Age | Feudal Age |
| 11:34 | Build | Lumber Camp |
| 11:42 | Build | Market |
| 12:07 | Build | Blacksmith |
| 12:16 | Create | Villager (Male) |
| 13:10 | Research | Castle Age |
| 13:10 | Research | Castle Age |
| 13:14 | Build | House |
| 13:15 | Build | House |
| 13:17 | Build | House |
| 13:32 | Research | Double-Bit Axe |
| 13:43 | Build | Farm |
| 14:04 | Research | Horse Collar |
| 14:04 | Research | Horse Collar |
| 14:27 | Build | House |
| 14:49 | Create | Villager (Male) |
| 14:52 | Research | Loom |
| 15:21 | Build | Stone Wall |
| 15:29 | Build | Farm |
| 15:32 | Create | Villager (Male) |
| 15:50 | Age | Castle Age |
| 15:57 | Build | Castle |
| 16:13 | Build | Stone Wall |
| 16:33 | Build | Siege Workshop |
| 16:52 | Create | Villager (Male) |
| 17:00 | Build | Town Center |
| 17:13 | Build | Town Center |
| 17:31 | Create | Battering Ram |
| 17:41 | Create | Villager (Male) |
| 17:50 | Build | Farm |
| 17:55 | Build | Farm |
| 17:58 | Build | Farm |
| 18:00 | Build | Farm |
| 18:08 | Build | Farm |
| 18:10 | Build | Farm |
| 18:18 | Build | Farm |
| 18:20 | Create | Villager (Male) |
| 18:21 | Create | Villager (Male) |
| 18:21 | Create | Villager (Male) |
| 18:36 | Build | Farm |
| 18:41 | Create | Villager (Male) |
| 18:41 | Create | Villager (Male) |
| 19:00 | Build | Stone Wall |
| 19:10 | Create | Villager (Male) |
| 19:10 | Create | Villager (Male) |
| 19:10 | Create | Villager (Male) |
| 19:33 | Create | Villager (Male) |
| 19:40 | Create | Villager (Male) |
| 19:41 | Create | Villager (Male) |
| 20:06 | Create | Villager (Male) |
| 20:20 | Build | Siege Workshop |
| 20:22 | Create | Villager (Male) |
| 20:22 | Create | Villager (Male) |
Build order — La Tanga de la Mujer Maravilla
106 actions detected in the replay
| 0:00 | Create | Villager (Male) |
| 0:01 | Create | Villager (Male) |
| 0:01 | Create | Villager (Male) |
| 0:02 | Create | Villager (Male) |
| 0:02 | Create | Villager (Male) |
| 0:03 | Build | House |
| 0:04 | Build | House |
| 1:41 | Create | Villager (Male) |
| 1:41 | Create | Villager (Male) |
| 1:45 | Build | Lumber Camp |
| 2:24 | Create | Villager (Male) |
| 2:47 | Create | Villager (Male) |
| 3:04 | Create | Villager (Male) |
| 3:37 | Create | Villager (Male) |
| 3:51 | Build | House |
| 3:52 | Build | House |
| 4:08 | Create | Villager (Male) |
| 4:18 | Build | Mill |
| 4:23 | Create | Villager (Male) |
| 4:58 | Create | Villager (Male) |
| 4:59 | Create | Villager (Male) |
| 5:38 | Create | Villager (Male) |
| 5:56 | Build | Mill |
| 6:05 | Create | Villager (Male) |
| 6:21 | Create | Villager (Male) |
| 6:38 | Create | Villager (Male) |
| 6:46 | Build | Mining Camp |
| 6:46 | Create | Villager (Male) |
| 7:46 | Create | Villager (Male) |
| 8:05 | Build | Mining Camp |
| 8:09 | Research | Feudal Age |
| 8:21 | Build | House |
| 8:29 | Research | Loom |
| 9:52 | Build | Farm |
| 10:02 | Create | Villager (Male) |
| 10:31 | Age | Feudal Age |
| 10:38 | Build | Market |
| 10:50 | Create | Villager (Male) |
| 11:46 | Build | Blacksmith |
| 12:10 | Research | Castle Age |
| 13:59 | Create | Villager (Male) |
| 14:49 | Age | Castle Age |
| 14:52 | Build | Castle |
| 15:00 | Build | Mining Camp |
| 15:01 | Create | Villager (Male) |
| 15:13 | Build | Farm |
| 15:14 | Build | Farm |
| 15:38 | Create | Conquistador |
| 15:38 | Create | Conquistador |
| 15:50 | Create | Conquistador |
| 15:51 | Create | Villager (Male) |
| 15:52 | Create | Villager (Male) |
| 15:54 | Build | Farm |
| 16:08 | Build | Farm |
| 16:14 | Create | Villager (Male) |
| 16:18 | Build | Farm |
| 16:20 | Build | Farm |
| 16:26 | Create | Villager (Male) |
| 16:34 | Create | Conquistador |
| 17:08 | Create | Conquistador |
| 17:08 | Create | Conquistador |
| 17:14 | Build | Mining Camp |
| 17:17 | Build | Mining Camp |
| 17:34 | Create | Villager (Male) |
| 17:37 | Build | Farm |
| 17:40 | Build | Farm |
| 17:40 | Create | Villager (Male) |
| 18:06 | Create | Villager (Male) |
| 18:16 | Create | Villager (Male) |
| 18:16 | Create | Conquistador |
| 18:22 | Build | Farm |
| 18:27 | Build | Farm |
| 18:37 | Create | Conquistador |
| 18:40 | Build | House |
| 19:08 | Research | Padded Archer Armor |
| 19:30 | Create | Conquistador |
| 19:33 | Create | Villager (Male) |
| 19:45 | Create | Conquistador |
| 19:45 | Create | Conquistador |
| 20:03 | Create | Villager (Male) |
| 20:20 | Create | Conquistador |
| 20:26 | Build | Farm |
| 20:46 | Create | Villager (Male) |
| 20:48 | Build | Farm |
| 20:57 | Create | Conquistador |
| 21:01 | Build | Farm |
| 21:02 | Build | Farm |
| 21:10 | Research | Leather Archer Armor |
| 21:17 | Build | Farm |
| 21:18 | Create | Conquistador |
| 21:18 | Create | Conquistador |
| 21:25 | Build | Farm |
| 21:25 | Create | Villager (Male) |
| 21:37 | Create | Villager (Male) |
| 21:48 | Build | Farm |
| 21:49 | Build | Farm |
| 21:53 | Create | Conquistador |
| 22:01 | Create | Conquistador |
| 22:10 | Create | Conquistador |
| 22:16 | Build | Farm |
| 22:21 | Build | House |
| 22:21 | Build | House |
| 22:26 | Create | Conquistador |
| 22:30 | Create | Villager (Male) |
| 22:36 | Build | Farm |
| 22:56 | Create | Conquistador |
Build order — Amlan73
128 actions detected in the replay
| 0:01 | Create | Villager (Male) |
| 0:01 | Create | Villager (Male) |
| 0:02 | Build | House |
| 0:04 | Build | House |
| 0:25 | Create | Villager (Male) |
| 0:25 | Create | Villager (Male) |
| 1:41 | Create | Villager (Male) |
| 2:02 | Create | Villager (Male) |
| 2:17 | Build | Lumber Camp |
| 2:18 | Create | Villager (Male) |
| 2:18 | Create | Villager (Male) |
| 2:55 | Create | Villager (Male) |
| 3:06 | Create | Villager (Male) |
| 3:33 | Create | Villager (Male) |
| 3:33 | Create | Villager (Male) |
| 3:50 | Create | Villager (Male) |
| 3:52 | Build | House |
| 3:53 | Build | House |
| 4:30 | Create | Villager (Male) |
| 4:31 | Create | Villager (Male) |
| 4:47 | Build | Mill |
| 5:05 | Create | Villager (Male) |
| 5:52 | Create | Villager (Male) |
| 5:52 | Create | Villager (Male) |
| 5:53 | Create | Villager (Male) |
| 5:53 | Create | Villager (Male) |
| 6:38 | Create | Villager (Male) |
| 7:22 | Create | Villager (Male) |
| 7:47 | Create | Villager (Male) |
| 8:01 | Build | Mining Camp |
| 8:09 | Research | Feudal Age |
| 9:29 | Build | House |
| 10:32 | Age | Feudal Age |
| 10:35 | Build | Market |
| 10:35 | Create | Villager (Male) |
| 10:38 | Build | Blacksmith |
| 10:45 | Build | Blacksmith |
| 11:07 | Create | Villager (Male) |
| 11:27 | Research | Castle Age |
| 11:47 | Research | Double-Bit Axe |
| 12:09 | Build | Barracks |
| 12:20 | Build | Farm |
| 12:23 | Build | Farm |
| 12:48 | Research | Horse Collar |
| 13:38 | Build | Stone Wall |
| 14:02 | Create | Villager (Male) |
| 14:12 | Age | Castle Age |
| 14:17 | Build | Town Center |
| 14:24 | Research | Bow Saw |
| 14:26 | Create | Villager (Male) |
| 14:53 | Create | Villager (Male) |
| 15:04 | Create | Villager (Male) |
| 15:21 | Build | Farm |
| 15:24 | Build | Farm |
| 15:27 | Build | Farm |
| 15:29 | Create | Villager (Male) |
| 15:29 | Research | Loom |
| 15:31 | Build | Farm |
| 15:38 | Build | Farm |
| 15:57 | Create | Villager (Male) |
| 16:00 | Build | Farm |
| 16:11 | Create | Villager (Male) |
| 16:33 | Build | Stone Wall |
| 16:39 | Build | Stone Wall |
| 16:41 | Build | Stone Wall |
| 16:42 | Create | Villager (Male) |
| 16:49 | Create | Villager (Male) |
| 16:59 | Build | Town Center |
| 17:10 | Create | Villager (Male) |
| 17:14 | Build | House |
| 17:22 | Build | House |
| 17:37 | Create | Villager (Male) |
| 17:38 | Create | Villager (Male) |
| 17:40 | Build | Farm |
| 17:42 | Build | Farm |
| 17:58 | Create | Villager (Male) |
| 18:02 | Build | Farm |
| 18:02 | Build | Farm |
| 18:02 | Build | Farm |
| 18:03 | Build | Farm |
| 18:11 | Build | Farm |
| 18:11 | Build | Farm |
| 18:11 | Build | Farm |
| 18:12 | Build | Farm |
| 18:12 | Build | Farm |
| 18:12 | Build | Farm |
| 18:13 | Build | Farm |
| 18:18 | Build | House |
| 18:21 | Create | Villager (Male) |
| 18:21 | Create | Villager (Male) |
| 18:21 | Create | Villager (Male) |
| 18:30 | Build | Farm |
| 18:34 | Create | Villager (Male) |
| 18:35 | Create | Villager (Male) |
| 18:42 | Create | Villager (Male) |
| 18:44 | Build | House |
| 18:55 | Create | Villager (Male) |
| 18:55 | Create | Villager (Male) |
| 19:03 | Create | Villager (Male) |
| 19:03 | Create | Villager (Male) |
| 19:22 | Create | Villager (Male) |
| 19:25 | Build | House |
| 19:27 | Create | Villager (Male) |
| 19:43 | Build | Siege Workshop |
| 19:51 | Build | Archery Range |
| 19:55 | Create | Villager (Male) |
| 19:56 | Create | Villager (Male) |
| 20:09 | Build | House |
| 20:10 | Build | House |
| 20:10 | Build | House |
| 20:14 | Create | Villager (Male) |
| 20:25 | Create | Mangonel |
| 20:35 | Create | Villager (Male) |
| 20:36 | Create | Villager (Male) |
| 20:46 | Build | Siege Workshop |
| 21:06 | Create | Mangonel |
| 21:07 | Create | Villager (Male) |
| 21:07 | Create | Villager (Male) |
| 21:07 | Create | Villager (Male) |
| 21:33 | Create | Mangonel |
| 21:33 | Create | Mangonel |
| 22:04 | Create | Mangonel |
| 22:04 | Create | Mangonel |
| 22:05 | Create | Villager (Male) |
| 22:05 | Create | Villager (Male) |
| 22:21 | Create | Villager (Male) |
| 22:22 | Create | Villager (Male) |
| 22:22 | Create | Villager (Male) |
Build order — PedroAOE
99 actions detected in the replay
| 0:03 | Create | Villager (Male) |
| 0:03 | Create | Villager (Male) |
| 0:03 | Create | Villager (Male) |
| 0:03 | Create | Villager (Male) |
| 0:05 | Build | House |
| 0:07 | Build | House |
| 0:25 | Build | Mill |
| 1:57 | Create | Villager (Male) |
| 3:03 | Create | Villager (Male) |
| 3:03 | Create | Villager (Male) |
| 3:03 | Create | Villager (Male) |
| 3:04 | Create | Villager (Male) |
| 3:07 | Create | Villager (Male) |
| 3:40 | Create | Villager (Male) |
| 4:09 | Build | Lumber Camp |
| 4:10 | Create | Villager (Male) |
| 4:14 | Build | Lumber Camp |
| 4:51 | Create | Villager (Male) |
| 5:17 | Build | House |
| 5:54 | Create | Villager (Male) |
| 6:01 | Create | Villager (Male) |
| 6:14 | Build | House |
| 6:23 | Create | Villager (Male) |
| 6:27 | Build | Mill |
| 6:29 | Create | Villager (Male) |
| 8:13 | Build | Mining Camp |
| 8:19 | Create | Villager (Male) |
| 8:22 | Create | Villager (Male) |
| 8:48 | Create | Villager (Male) |
| 8:53 | Research | Feudal Age |
| 10:10 | Build | Farm |
| 10:13 | Build | Farm |
| 10:35 | Build | Farm |
| 10:55 | Build | House |
| 11:44 | Age | Feudal Age |
| 11:47 | Build | Market |
| 11:58 | Build | Blacksmith |
| 12:27 | Create | Villager (Male) |
| 13:07 | Research | Castle Age |
| 13:19 | Build | Farm |
| 13:23 | Build | Farm |
| 13:26 | Build | Farm |
| 13:33 | Create | Villager (Male) |
| 13:34 | Create | Villager (Male) |
| 13:38 | Research | Loom |
| 15:47 | Age | Castle Age |
| 15:55 | Build | Siege Workshop |
| 16:05 | Build | Siege Workshop |
| 16:16 | Build | House |
| 16:26 | Create | Villager (Male) |
| 16:39 | Create | Villager (Male) |
| 16:58 | Build | Monastery |
| 17:11 | Research | Horse Collar |
| 17:13 | Create | Villager (Male) |
| 17:25 | Create | Armored Elephant |
| 17:26 | Create | Armored Elephant |
| 17:40 | Create | Armored Elephant |
| 17:40 | Create | Armored Elephant |
| 17:45 | Build | House |
| 18:00 | Create | Armored Elephant |
| 18:01 | Create | Armored Elephant |
| 18:10 | Create | Villager (Male) |
| 18:11 | Create | Villager (Male) |
| 18:30 | Create | Armored Elephant |
| 18:30 | Create | Armored Elephant |
| 18:44 | Create | Villager (Male) |
| 19:07 | Create | Villager (Male) |
| 19:07 | Create | Villager (Male) |
| 19:12 | Build | Farm |
| 19:13 | Build | Farm |
| 19:18 | Create | Monk |
| 19:29 | Create | Villager (Male) |
| 19:51 | Create | Villager (Male) |
| 20:00 | Build | Town Center |
| 20:10 | Create | Villager (Male) |
| 20:26 | Build | Monastery |
| 20:29 | Create | Villager (Male) |
| 20:32 | Create | Villager (Male) |
| 20:50 | Build | Farm |
| 20:59 | Build | Farm |
| 21:13 | Build | House |
| 21:21 | Create | Villager (Male) |
| 21:25 | Create | Monk |
| 21:38 | Build | House |
| 21:39 | Build | House |
| 21:45 | Create | Villager (Male) |
| 21:52 | Build | Farm |
| 21:54 | Build | Farm |
| 21:59 | Build | Farm |
| 22:01 | Create | Villager (Male) |
| 22:09 | Create | Villager (Male) |
| 22:12 | Build | Farm |
| 22:18 | Build | Farm |
| 22:21 | Create | Villager (Male) |
| 22:44 | Build | Farm |
| 22:45 | Build | Farm |
| 22:49 | Build | Farm |
| 22:49 | Build | Farm |
| 22:51 | Create | Villager (Male) |
Match timeline
| 9:43 | SimoniacJewel88 · age_up feudal |
| 10:31 | La Tanga de la Mujer Maravilla · age_up feudal |
| 10:32 | Amlan73 · age_up feudal |
| 10:56 | べにいろもみじ · age_up feudal |
| 10:57 | 绾璆丶 · age_up feudal |
| 11:25 | Smitty WerbenJägerManJensen · age_up feudal |
| 11:31 | 西游—理塘丁真 · age_up feudal |
| 11:44 | PedroAOE · age_up feudal |
| 12:09 | Amlan73 · first_building Barracks |
| 12:57 | 西游—理塘丁真 · first_market_sell 100 wood |
| 13:07 | 西游—理塘丁真 · first_market_buy 100 food |
| 13:38 | Amlan73 · wall_segment Stone Wall x4 |
| 14:12 | Amlan73 · age_up castle |
| 14:49 | La Tanga de la Mujer Maravilla · age_up castle |
| 14:52 | La Tanga de la Mujer Maravilla · first_building Castle |
| 15:01 | 绾璆丶 · age_up castle |
| 15:05 | Smitty WerbenJägerManJensen · age_up castle |
| 15:20 | Smitty WerbenJägerManJensen · first_building Castle |
| 15:21 | 西游—理塘丁真 · wall_segment Stone Wall x8 |
| 15:25 | べにいろもみじ · age_up castle |
| 15:33 | べにいろもみじ · first_building Monastery |
| 15:43 | SimoniacJewel88 · age_up castle |
| 15:47 | PedroAOE · age_up castle |
| 15:50 | 西游—理塘丁真 · age_up castle |
| 15:53 | SimoniacJewel88 · first_building Siege Workshop |
| 15:55 | PedroAOE · first_building Siege Workshop |
| 15:57 | 西游—理塘丁真 · first_building Castle |
| 16:13 | 西游—理塘丁真 · wall_segment Stone Wall x12 |
| 16:26 | La Tanga de la Mujer Maravilla · first_market_buy 100 food |
| 16:33 | 西游—理塘丁真 · first_building Siege Workshop |
| 16:33 | Amlan73 · wall_segment Stone Wall x1 |
| 16:39 | Amlan73 · wall_segment Stone Wall x7 |
| 16:41 | Amlan73 · wall_segment Stone Wall x1 |
| 16:58 | PedroAOE · first_building Monastery |
| 18:20 | Amlan73 · first_market_buy 100 food |
| 18:26 | PedroAOE · first_market_sell 100 wood |
| 19:00 | 西游—理塘丁真 · wall_segment Stone Wall x5 |
| 19:43 | Amlan73 · first_building Siege Workshop |
| 19:51 | Amlan73 · first_building Archery Range |
| 20:29 | 绾璆丶 · first_building Siege Workshop |
| 20:39 | 西游—理塘丁真 · resign |
| 21:09 | べにいろもみじ · first_building Barracks |
| 22:07 | 绾璆丶 · first_building Castle |
[ AI ANALYSIS · 1 CREDIT ]
What really happened in this match?
Wolo.gg analyzes every decision: build order, eco, micro, common mistakes by bracket. Personalized analysis on WhatsApp or Discord in 30 seconds.
Civ guide
Franks
Perfil
Jugador #10186657